 Dungeon Crawl Stone Soup version 0.26-a0-651-gb41185065b (webtiles) character file.

Game seed: 7420968227183313613

(classic levelgen) 262394 Amnesiac the Warrior (level 19, -6/110 HPs)
             Began as a Spriggan Delver on Oct 16, 2020.
             Was an Initiate of Gozag.
             Mangled by a balrug
             ... wielding a +1 vampiric demon whip
              (24 damage)
             ... on level 1 of the Depths on Oct 17, 2020.
             The game lasted 02:42:03 (51992 turns).

Amnesiac the Warrior (Spriggan Delver)             Turns: 51992, Time: 02:42:04

Health: -6/110     AC: 11    Str:  8    XL:     19   Next: 22%
Magic:  0/39       EV: 33    Int: 23    God:    Gozag
Gold:   5454       SH: 11    Dex: 20    Spells: 23/48 levels left

rFire    . . .     SeeInvis +   L - +9 quick blade (flame)
rCold    + . .     Faith    .   Z - +3 buckler {AC+3}
rNeg     . . .     Spirit   +   S - +4 robe of Nemelex Xobeh's Favour {rPois Slay+3 SInv}
rPois    +         Reflect  .   j - +2 hat {MR+}
rElec    .         Harm     .   G - scarf {+Inv}
rCorr    .         Rampage  .   (gloves unavailable)
MR       ++++.                  (boots unavailable)
Stlth    +++.......             R - amulet of guardian spirit
HPRegen  0.28/turn              X - ring of protection from cold
MPRegen  0.26/turn              M - +6 ring of intelligence

@: liquid flames, glowing, very quick
A: very small, unfitting armour, talons 1, see invisible, speed 3, evolution 1
}: 2/15 runes: decaying, gossamer
a: Potion Petition, Call Merchant, Bribe Branch, Renounce Religion, Evoke
Invisibility


You were on level 1 of the Depths.
You worshipped Gozag.
Gozag was greatly pleased with you.
You visited 7 branches of the dungeon, and saw 33 of its levels.
You also visited: Ossuary, Gauntlet and Ice Cave.

You collected 15138 gold pieces.
You spent 2486 gold pieces at shops.
You paid 7198 gold pieces to Gozag.

Inventory:

Hand Weapons
 L - a +9 quick blade of flaming (weapon)
Missiles
 u - 3 throwing nets (quivered)
Armour
 j - a +2 hat of magic resistance (worn)
 G - a scarf of invisibility (worn)
 S - the +4 robe of Nemelex Xobeh's Favour (worn) {rPois Slay+3 SInv}
   (You found it on level 4 of the Spider Nest)

   It affects your accuracy and damage with ranged weapons and melee attacks
   (+3).
   It protects you from poison.
   It lets you see invisible.
 Z - a +3 buckler of protection (worn)
Jewellery
 n - an uncursed ring of poison resistance
 F - an uncursed ring of fire
 J - an uncursed ring of resist corrosion
 M - a +6 ring of intelligence (right hand)
 N - an uncursed ring of protection from magic
 R - an amulet of guardian spirit (around neck)
 X - a ring of protection from cold (left hand)
Wands
 a - a wand of acid (13)
 g - a wand of digging (2)
 y - a wand of enslavement (5)
 B - a wand of polymorph (30)
 H - a wand of iceblast (10)
 K - a wand of paralysis (52)
 O - a wand of random effects (81)
 P - a wand of flame (61)
Scrolls
 b - 3 scrolls of blinking {!r}
 c - 5 scrolls of fog {!r}
 d - 7 scrolls of magic mapping {!r}
 e - 8 scrolls of fear {!r}
 h - 4 scrolls of identify {!r}
 m - a scroll of enchant armour {!r}
 o - 15 scrolls of remove curse {!r}
 p - 11 scrolls of teleportation {!r}
 D - 3 scrolls of silence {!r}
 V - a scroll of brand weapon {!r}
Potions
 f - 4 potions of haste {!q}
 i - 7 potions of stabbing {!q}
 l - 2 potions of invisibility {!q}
 q - 4 potions of brilliance {!q}
 r - 4 potions of ambrosia {!q}
 s - 2 potions of flight {!q}
 t - 9 potions of curing {!q}
 v - 4 potions of resistance {!q}
 w - 5 potions of berserk rage {!q}
 z - 4 potions of might {!q}
 A - 2 potions of magic {!q}
 E - 9 potions of lignification {!q}
 I - 2 potions of mutation {!q}
 U - 3 potions of cancellation {!q}
Miscellaneous
 x - a box of beasts (3/3)
 Q - a phantom mirror
 T - a phial of floods
 W - a lightning rod (4/4)


   Skills:
 * Level 16.3 Fighting
 - Level 14.0 Short Blades
 - Level 16.0 Dodging
 + Level 14.4 Stealth
 - Level 7.2 Shields
 - Level 15.0 Spellcasting
 + Level 12.6 Hexes
 - Level 5.0 Necromancy
 - Level 5.0 Earth Magic
 + Level 13.7 Evocations


You had 23 spell levels left.
You knew the following spells:

 Your Spells              Type           Power        Failure   Level
a - Ensorcelled Hibernat  Hex/Ice        #####.       1%          2
b - Call Imp              Summ           ###.....     4%          2
c - Mephitic Cloud        Conj/Pois/Air  ###.....     10%         3
d - Swiftness             Air            ###.....     4%          2
e - Borgnjor's Vile Clut  Necr/Erth      #####.....   12%         5
s - Conjure Flame         Conj/Fire      ###.....     10%         3
v - Blink                 Tloc           N/A          4%          2
w - Tukima's Dance        Hex            ######..     1%          3
z - Confusing Touch       Hex            ######..     1%          3

Your spell library contained the following spells:

 Spells                   Type           Power        Failure   Level
 Animate Skeleton         Necr           #####.       1%          1
 Corona                   Hex            ######.      1%          1
 Pain                     Necr           ####         1%          1
 Sandblast                Erth           #####.       1%          1
 Corpse Rot               Necr/Air       N/A          1%          2
 Slow                     Hex            ######..     1%          2
 Sublimation of Blood     Necr           #####.....   1%          2
 Dazzling Flash           Conj/Hex       #####.       1%          3
 Inner Flame              Hex/Fire       #####...     1%          3
 Portal Projectile        Hex/Tloc       #####.       1%          3
 Summon Guardian Golem    Hex/Summ       #####...     1%          3
 Vampiric Draining        Necr           #####.....   1%          3
 Cause Fear               Hex            ######....   1%          4
 Leda's Liquefaction      Hex/Erth       ######....   1%          4
 Invisibility             Hex            ######..     2%          6
 Apportation              Tloc           ###...       3%          1
 Magic Dart               Conj           ###.         3%          1
 Shock                    Conj/Air       ###.         3%          1
 Sting                    Tmut/Pois      ###.         3%          1
 Summon Small Mammal      Summ           ###.         3%          1
 Poisonous Vapours        Pois/Air       ###...       4%          2
 Animate Dead             Necr           #####.....   4%          4
 Dispel Undead            Necr           #####...     4%          4
 Summon Mana Viper        Hex/Summ       #####...     7%          5
 Gell's Gravitas          Tloc           ###.......   10%         3
 Ignite Poison            Fire/Tmut/Pois ###.....     10%         3
 Static Discharge         Conj/Air       ###.....     10%         3
 Agony                    Necr           #####...     12%         5
 Excruciating Wounds      Necr           #####.....   12%         5
 Lee's Rapid Deconstruct  Erth           #####.....   12%         5
 Airstrike                Air            ###.......   32%         4
 Lightning Bolt           Conj/Air       ###.......   67%         5
 Iron Shot                Conj/Erth      ####......   88%         6
 Statue Form              Tmut/Erth      ####.....    88%         6
 Malign Gateway           Summ/Tloc      ###.......   100%        7


Dungeon Overview and Level Annotations

Branches:
Dungeon (15/15)            Temple (1/1) D:7            Lair (6/6) D:8
  Swamp (4/4) Lair:3       Spider (4/4) Lair:3        Slime (0/5) Lair:5
    Orc (2/2) D:12            Elf (0/3) Orc:2        Vaults (0/5) D:13
 Depths (1/5) D:15        Ossuary (visited)           IceCv (visited)
Gauntlet (visited)

Altars:
Ashenzari
Dithmenos
Fedhas
Gozag
Kikubaaqudgha
Makhleb
Nemelex Xobeh
Qazlal
Ru
Sif Muna
Vehumet
Xom
The Shining One
Beogh
Jiyva

Shops:
D:8 [   D:12 ?   D:14 *   D:15 =   Orc:2 (:[*   Lair:1 [[[*[   Lair:5 (
Spider:1 *

Portals:
Hell: Depths:1
Abyss: Depths:1
Trove: D:10 (give +3 ice dragon scales)

Annotations:
D:6 1 runed translucent door, PanSaczeczos's ghost, novice TeAM
Depths:1 3 runed translucent doors


Innate Abilities, Weirdness & Mutations

You are very small and have problems with some larger weapons.
You are too small for most types of armour.
You have supernaturally acute eyesight. (SInv)
You cover ground extremely quickly.
You have sharp toenails.
You evolve.


Message History

The bolt of fire misses you.
You closely miss the balrug. You claw the balrug, but do no damage.
You hit the balrug but do no damage. The balrug gestures at you.
Something smites you!
Press: ? - help, v - describe, . - travel
Here: a balrug, wielding a +1 vampiric demon whip (chance to confuse on hit: 0%)
The floor.
Unknown command.
Casting: Confusing Touch (safe; 1% risk of failure)
Confirm with . or Enter, or press ? or * to list all spells.
You blink.
The balrug gestures at you. The bolt of fire misses you.
The balrug gestures at you.
The fireball explodes!
The fireball engulfs you!! The balrug gestures at you. Something smites you!
Your hands stop glowing.
Casting: Blink (safe; 4% risk of failure)
Confirm with . or Enter, or press ? or * to list all spells.
Aiming: Ensorcelled Hibernation (safe; 1% risk of failure)
Press: ? - help, Shift-Dir - straight line, f - balrug
Aim: a balrug, wielding a +1 vampiric demon whip (chance to defeat MR: 0%)
The balrug resists with almost no effort.
You block the balrug's attack.
Casting: Ensorcelled Hibernation (safe; 1% risk of failure)
Confirm with . or Enter, or press ? or * to list all spells.
Aiming: Ensorcelled Hibernation (safe; 1% risk of failure)
Press: ? - help, Shift-Dir - straight line, f/p - balrug
Aim: a balrug, wielding a +1 vampiric demon whip (chance to defeat MR: 0%)
The balrug resists with almost no effort.
The balrug gestures at you. The sticky flame hits you!
You are covered in liquid flames!
Casting: Ensorcelled Hibernation (safe; 1% risk of failure)
Confirm with . or Enter, or press ? or * to list all spells.
Aiming: Borgnjor's Vile Clutch (dangerous; 12% risk of failure)
Press: ? - help, Shift-Dir - straight line, f/p - balrug
Aim: a balrug, wielding a +1 vampiric demon whip Zombie hands grab the balrug.
You are covered in liquid flames!
The zombie hands constrict the balrug!
The balrug gestures at you.
The fireball explodes!
The fireball engulfs you!!!
* * * LOW HITPOINT WARNING * * *
The fireball engulfs the balrug.
The balrug completely resists.
The balrug hits you with a +1 vampiric demon whip!
* * * LOW HITPOINT WARNING * * *
You are engulfed in flames!!
* * * LOW HITPOINT WARNING * * *
You completely miss the balrug.
The balrug is lightly wounded.
You are covered in liquid flames!
The zombie hands constrict the balrug.
Really quaff
C - a potion of heal wounds {!q}?
You feel much better.
You are covered in liquid flames!
* * * LOW HITPOINT WARNING * * *
The zombie hands constrict the balrug!
The balrug hits you with a +1 vampiric demon whip!
* * * LOW HITPOINT WARNING * * *
You are engulfed in flames!!
You die...
Your body crumbles into a pile of gold.

#.....................##..
#......................#'#
#######..........#####)#)#
#...#####..# #.#'# #######...#
#..# ###.. #.........#
#..######... #.........#
#.......#... #........2#
#.......#... #........@#
#.......#... ######.........#
#.......##.. #..............#
#........###
#.####.........#####...........
#..............................
#..###)###.....................
#..#.....#.....................
##.#.....#.....................
#...........######...#######..


You could see a balrug (clutched).

Vanquished Creatures
  Nikola (Swamp:1)
  Arachne (Spider:2)
  Rupert (D:12)
  Jorgrun (Spider:2)
  2 thorn hunters (Swamp:4)
  Roxanne (Spider:4)
  3 frost giants
  A fire giant (Depths:1)
  Donald (Orc:2)
  A balrug (Depths:1)
  6 ghost moths
  An orc warlord (Orc:2)
  5 emperor scorpions
  9 very ugly things
  A vampire knight (Depths:1)
  2 stone giants (Depths:1)
  4 entropy weavers
  4 spark wasps
  An ettin (Depths:1)
  2 blizzard demons (Depths:1)
  2 fire dragons
  5 vault guards (D:13)
  The ghost of Ulumiabe the Cleaver, a journeyman OpBe of Trog (Lair:2)
  A great orb of eyes (Depths:1)
  Fannar (Lair:2)
  The ghost of slayr the Fighter, a novice OgHu of Yredelemnul (Lair:1)
  A rakshasa (Depths:1)
  Harold (Orc:1)
  An ice dragon (D:15)
  3 ghost crabs
  A catoblepas (Lair:6)
  28 hydras
  3 shambling mangroves (Swamp:4)
  7 two-headed ogres
  2 centaur warriors
  3 ogre magi
  A deep troll shaman (Lair:6)
  5 alligators
  12 death yaks
  A tengu warrior (Depths:1)
  3 orc high priests (Orc:2)
  4 sun demons (Depths:1)
  A spriggan berserker (Swamp:4)
  A deep elf knight (D:13)
  5 spriggans
  A spriggan druid (Swamp:2)
  5 skeletal warriors (D:12)
  4 unseen horrors
  A death drake (shapeshifter) (D:14)
  A glowing orange brain (Depths:1)
  10 swamp dragons
  A necromancer (Depths:1)
  29 orb spiders
  6 orc knights
  11 ugly things
  A wolf spider zombie (D:14)
  2 deep elf magi (D:15)
  2 cyclopes
  3 oklob plants
  29 wolf spiders
  2 moths of wrath
  35 elephants
  2 spriggan zombies (Depths:1)
  3 black mambas
  A frost giant skeleton (Depths:1)
  A torpor snail (Lair:5)
  An ice statue (IceCv)
  2 gargoyles
  A rime drake (shapeshifter) (D:13)
  15 cane toads
  A yaktaur (D:13)
  4 kobold demonologists
  9 komodo dragons
  11 demonic crawlers
  6 ice devils
  An efreet (D:14)
  2 tengu conjurers
  16 polar bears
  22 slime creatures
  10 tyrant leeches
  35 jumping spiders
  9 trolls
  Prince Ribbit (D:8)
  18 blink frogs
  18 hornets
  18 bog bodies
  7 hippogriffs
  60 redbacks
  6 dream sheep (Lair:6)
  4 shadows
  20 tarantellas
  2 wraiths (Ossuary)
  69 yaks
  2 wyverns
  A human (D:13)
  11 vampire mosquitoes
  3 basilisks
  Menkaure (D:6)
  2 steam dragons
  4 wargs
  A soldier ant (D:7)
  12 swamp worms
  17 insubstantial wisps
  An acid dragon (Gauntlet)
  11 porcupines
  13 water moccasins
  2 eyes of draining
  36 orc warriors
  6 sky beasts
  4 ice beasts
  A necrophage (D:12)
  13 swamp drakes
  2 black bears
  61 wolves
  25 ogres
  15 centaurs
  21 crocodiles
  6 big kobolds
  7 gnoll sergeants (D:12)
  27 bullfrogs
  8 scorpions
  A wyvern skeleton (D:9)
  14 killer bees
  15 wights
  5 electric eels
  9 howler monkeys
  A crimson imp (D:9)
  2 bullfrog zombies (D:13)
  6 jellies
  A quasit (D:14)
  2 centaur zombies
  14 orc wizards
  4 bullfrog skeletons
  7 centaur skeletons
  12 orc priests
  8 hounds
  2 iguanas
  9 worker ants
  3 killer bee zombies (D:7)
  A hound zombie (D:6)
  A hound skeleton (D:4)
  2 howler monkey zombies
  A worker ant zombie (D:7)
  8 gnolls
  6 adders
  2 shadow imps
  17 white imps
  An ufetubus (D:6)
  An adder zombie (Ossuary)
  3 worms
  2 dart slugs (D:1)
  8 leopard geckos
  72 orcs
  6 giant cockroaches
  9 goblins
  3 hobgoblins
  7 jackals
  18 kobolds
  6 quokkas
  A ball python (D:3)
  4 bats
  2 frilled lizards
  A hobgoblin skeleton (Ossuary)
  2 jackal skeletons
  2 kobold zombies (Ossuary)
  2 leopard gecko skeletons
  A leopard gecko zombie (D:7)
  An orc skeleton (Ossuary)
  2 orc zombies (Ossuary)
  4 rats
1284 creatures vanquished.

Vanquished Creatures (collateral kills)
  A thorn hunter (Swamp:1)
  A minotaur (Gauntlet)
  2 alligators (Swamp:1)
  2 redbacks
  2 killer bees
  An iguana (D:10)
9 creatures vanquished.

Vanquished Creatures (others)
  A cane toad (Swamp:4)
  3 polar bears (IceCv)
  A hornet (Swamp:4)
  A tarantella (Spider:2)
  A swamp worm (Swamp:1)
  A big kobold (D:13)
  A jelly (D:12)
  An orc wizard (Orc:1)
  2 white imps (D:15)
  A jackal (D:11)
  6 briar patches (Swamp:4)
  49 fungi
  77 plants
145 creatures vanquished.

Grand Total: 1438 creatures vanquished

Notes
Turn   | Place    | Note
-------+----------+-------------------------------------------
     0 | D:5      | Amnesiac the Spriggan Delver began the quest for the Orb.
     0 | D:5      | Reached XP level 1. HP: 11/11 MP: 2/2
    58 | D:4      | Reached XP level 2. HP: 16/16 MP: 3/3
   116 | D:4      | Noticed a scorpion
   128 | D:4      | Killed a scorpion
   128 | D:4      | Reached XP level 3. HP: 15/19 MP: 4/4
   298 | D:4      | Noticed an ogre
   305 | D:4      | Killed an ogre
   305 | D:4      | Reached skill level 10 in Stealth
   305 | D:4      | Reached XP level 4. HP: 23/23 MP: 5/5
   305 | D:4      | Reached XP level 5. HP: 27/27 MP: 6/6
  1018 | D:3      | Reached XP level 6. HP: 32/32 MP: 7/7
  1829 | D:5      | Found a glowing golden altar of the Shining One.
  2141 | D:5      | Found a sacrificial altar of Ru.
  2234 | D:5      | Reached skill level 1 in Evocations
  2693 | D:5      | HP: 1/32 [worker ant (1)]
  2694 | D:5      | Reached XP level 7. HP: 2/35 MP: 8/8
  2699 | D:5      | HP: 1/52 [poisoned by a worker ant]
  3016 | D:6      | Found a runed translucent door.
  3017 | D:6      | Found a shimmering altar of Xom.
  3017 | D:6      | Noticed PanSaczeczos's ghost (novice TeAM)
  3367 | D:6      | Noticed Menkaure
  3370 | D:6      | Killed Menkaure
  3370 | D:6      | Reached skill level 5 in Short Blades
  3521 | D:6      | Noticed a +0 spear of chaos
  4073 | D:6      | Reached skill level 5 in Evocations
  4073 | D:6      | Reached XP level 8. HP: 20/39 MP: 9/9
  5459 | D:6      | Learned a level 2 spell: Blink
  5462 | D:6      | Learned a level 2 spell: Call Imp
  5466 | D:6      | Learned a level 3 spell: Mephitic Cloud
  5629 | D:7      | Reached skill level 5 in Spellcasting
  5683 | D:6      | Learned a level 3 spell: Conjure Flame
  5685 | D:7      | Found an opulent altar of Gozag.
  5721 | D:7      | Became a worshipper of Gozag Ym Sagoz the Greedy
  5772 | D:7      | Reached XP level 9. HP: 41/44 MP: 12/18
  6089 | D:7      | Found a staircase to the Ecumenical Temple.
  6094 | Temple   | Entered the Ecumenical Temple
  6132 | D:7      | Found a sand-covered staircase.
  6141 | Ossuary  | Entered an ossuary
  6671 | D:7      | Reached skill level 5 in Dodging
  8140 | D:3      | Found a blossoming altar of Fedhas.
  8778 | D:8      | Found a shimmering altar of Xom.
  9079 | D:8      | Reached skill level 5 in Fighting
  9345 | D:8      | Reached XP level 10. HP: 41/51 MP: 21/23
  9352 | D:8      | Found a staircase to the Lair.
  9569 | D:8      | Noticed Prince Ribbit
  9657 | D:8      | Killed Prince Ribbit
 10122 | D:8      | Found a stormy altar of Qazlal.
 10123 | D:8      | Found a sparkling altar of Nemelex Xobeh.
 10493 | D:9      | Found a stormy altar of Qazlal.
 10957 | D:9      | Found a burning altar of Makhleb.
 10958 | D:9      | Found a radiant altar of Vehumet.
 11238 | D:9      | Found a sacrificial altar of Ru.
 11277 | D:10     | Entered Level 10 of the Dungeon
 11581 | D:10     | Reached skill level 10 in Spellcasting
 12169 | D:10     | Found a portal to a secret trove of treasure.
 12284 | D:11     | Reached XP level 11. HP: 44/58 MP: 26/26
 13002 | D:12     | Noticed a skeletal warrior
 13002 | D:12     | Noticed a skeletal warrior
 13002 | D:12     | Noticed a skeletal warrior
 13140 | D:12     | Noticed a six-headed hydra
 13177 | D:12     | Killed a six-headed hydra
 13416 | D:12     | Noticed a purple ugly thing
 13420 | D:12     | Killed a purple ugly thing
 13420 | D:12     | Reached skill level 10 in Dodging
 13616 | D:12     | Noticed a skeletal warrior
 13616 | D:12     | Noticed a skeletal warrior
 13662 | D:12     | Killed a skeletal warrior
 13672 | D:12     | Killed a skeletal warrior
 13769 | D:12     | Killed a skeletal warrior
 13805 | D:12     | Found Atadgh's Magic Scroll Shop.
 14070 | D:12     | Killed a skeletal warrior
 14521 | D:12     | Found a staircase to the Orcish Mines.
 15046 | D:12     | Reached XP level 12. HP: 67/67 MP: 26/28
 15371 | Orc:1    | Entered Level 1 of the Orcish Mines
 15371 | Orc:1    | Noticed Harold
 15384 | Orc:1    | Killed Harold
 15384 | Orc:1    | Reached skill level 10 in Fighting
 16254 | Orc:1    | Reached skill level 1 in Shields
 16906 | Orc:2    | Entered Level 2 of the Orcish Mines
 16909 | Orc:2    | Found Jown's Antique Armour Shop.
 17042 | Orc:2    | Noticed an orc high priest
 17043 | Orc:2    | Found Tofrun's Antique Weapon Shop.
 17043 | Orc:2    | Noticed an orc high priest
 17052 | Orc:2    | Noticed Rupert
 17058 | Orc:2    | Found Zukhlinun's General Store.
 17058 | Orc:2    | Gained mutation: Your magical capacity is low. (-10% MP) [a
                  | neqoxec]
 17061 | Orc:2    | Noticed an orc high priest
 17065 | Orc:2    | Noticed an orc warlord
 17066 | Orc:2    | Found Riytutz's Book Boutique.
 17072 | Orc:2    | Found a gate leading to a gauntlet.
 17088 | Gauntlet | Entered a Gauntlet
 17088 | Gauntlet | Found a transporter.
 17088 | Gauntlet | Found a transporter.
 17094 | Gauntlet | Found a transporter.
 17099 | Gauntlet | Found a transporter.
 17103 | Gauntlet | Found a large runed translucent door.
 17110 | Gauntlet | Noticed a catoblepas
 17114 | Gauntlet | Found a transporter.
 17115 | Gauntlet | Found a transporter.
 17121 | Gauntlet | Found a transporter.
 17150 | Gauntlet | Found a transporter.
 17150 | Gauntlet | Found a transporter.
 17152 | Gauntlet | Noticed a reaper
 17181 | Gauntlet | Found a transporter.
 17190 | Gauntlet | Found a transporter.
 17193 | Gauntlet | Found a transporter.
 17240 | Gauntlet | Found a transporter.
 17254 | Gauntlet | Found a transporter.
 17354 | Gauntlet | Found a transporter.
 17356 | Gauntlet | Found a large runed translucent door.
 17356 | Gauntlet | Found a large runed translucent door.
 17357 | Gauntlet | Found a large runed translucent door.
 17357 | Gauntlet | Found a large runed translucent door.
 17358 | Gauntlet | Found a runed translucent door.
 17358 | Gauntlet | Found a large runed translucent door.
 17358 | Gauntlet | Found a runed translucent door.
 17358 | Gauntlet | Found a large runed translucent door.
 17358 | Gauntlet | Found a large runed translucent door.
 17359 | Gauntlet | Found a large runed translucent door.
 17359 | Gauntlet | Found a large runed translucent door.
 17362 | Gauntlet | Found a large runed translucent door.
 17362 | Gauntlet | Found a large runed translucent door.
 17364 | Gauntlet | Found a large runed translucent door.
 17364 | Gauntlet | Found a large runed translucent door.
 17364 | Gauntlet | Found a large runed translucent door.
 17366 | Gauntlet | Found a runed translucent gate.
 17366 | Gauntlet | Found a runed translucent gate.
 17366 | Gauntlet | Found a runed translucent gate.
 17368 | Gauntlet | Found a transporter.
 17379 | Gauntlet | Found a large runed translucent door.
 17743 | Gauntlet | Got a dazzling cloak
 17816 | Gauntlet | Noticed a minotaur
 17842 | Gauntlet | Killed a minotaur
 17851 | Gauntlet | Got a dull robe
 17863 | Gauntlet | Identified the -4 cloak "Zefoyhe" {Harm rF+ MP+9} (You
                  | found it in a Gauntlet)
 17873 | Gauntlet | Identified the +1 robe "Teiwiym" {rN+ Int+4} (You found it
                  | in a Gauntlet)
 17933 | Orc:2    | Found a staircase to the Elven Halls.
 18239 | Orc:2    | Killed an orc high priest
 18429 | Orc:2    | Killed an orc high priest
 18664 | Orc:2    | Noticed Donald
 18685 | Orc:2    | Killed Donald
 18685 | Orc:2    | Reached skill level 5 in Shields
 18685 | Orc:2    | Reached XP level 13. HP: 69/72 MP: 28/28
 19241 | Orc:2    | Killed an orc warlord
 19778 | D:12     | Killed Rupert
 20769 | Orc:2    | Bought scorched steam dragon scales for 1080 gold pieces
 20769 | Orc:2    | Bought an embroidered robe for 88 gold pieces
 20800 | Orc:2    | Identified the cursed +0 steam dragon scales of the Ant
                  | {rC+} (You bought it in a shop on level 2 of the Orcish
                  | Mines)
 22197 | D:13     | Found a gate to the Vaults.
 22588 | D:14     | Found Ucajep's General Store.
 22596 | D:14     | Bought a scroll of fog for 20 gold pieces
 22649 | D:14     | Reached XP level 14. HP: 79/79 MP: 27/29
 23498 | D:15     | Entered Level 15 of the Dungeon
 23567 | D:15     | Found a roughly hewn altar of Beogh.
 23803 | D:15     | Found a frozen archway.
 23846 | IceCv    | Entered an ice cave
 25397 | IceCv    | Noticed a frost giant
 25449 | IceCv    | Killed a frost giant
 25650 | D:15     | Reached skill level 15 in Dodging
 26014 | D:15     | Found a staircase to the Depths.
 26096 | D:15     | Found Wyocyd's Jewellery Shop.
 26209 | D:15     | Found an opulent altar of Gozag.
 26762 | Lair:1   | Entered Level 1 of the Lair of Beasts
 26767 | Lair:1   | Bought a +1 buckler of protection for 313 gold pieces
 26771 | Lair:1   | Bought a scroll labeled WUESHE RUOVADY for 37 gold pieces
 27153 | Lair:1   | Got a faintly glowing scimitar
 27154 | Lair:1   | Identified the +3 scimitar "Kyleots" {drain, rPois Str+2}
                  | (You found it on level 1 of the Lair of Beasts)
 27637 | Lair:1   | Found a runed translucent gate.
 27638 | Lair:1   | Found a runed translucent gate.
 27639 | Lair:1   | Found a runed translucent gate.
 27958 | Lair:1   | Noticed slayr's ghost (novice OgHu)
 28433 | Lair:1   | Killed slayr's ghost
 28460 | Lair:1   | Got a dazzling long sword
 28494 | Lair:2   | Noticed Fannar
 28533 | Lair:2   | Killed Fannar
 29023 | Lair:2   | Reached XP level 15. HP: 16/87 MP: 23/30
 29461 | Lair:2   | Found a runed translucent gate.
 29462 | Lair:2   | Found a runed translucent gate.
 29462 | Lair:2   | Found a runed translucent gate.
 29465 | Lair:2   | Noticed Ulumiabe's ghost (journeyman OpBe)
 29467 | Lair:2   | Found a viscous altar of Jiyva.
 29496 | Lair:2   | Killed Ulumiabe's ghost
 30579 | Lair:3   | Found a hole to the Spider Nest.
 31101 | Lair:3   | Found a staircase to the Swamp.
 31937 | Lair:4   | Found a shimmering blue altar of Sif Muna.
 33478 | Lair:5   | Bought a twisted dagger for 196 gold pieces
 33478 | Lair:5   | Bought a bloodstained rapier for 252 gold pieces
 33478 | Lair:5   | Identified the +6 dagger of the Swamp {freeze, Dex+6} (You
                  | bought it in a shop on level 5 of the Lair of Beasts)
 33481 | Lair:5   | Identified the +9 rapier of Dawn {venom, rC+} (You bought
                  | it in a shop on level 5 of the Lair of Beasts)
 34353 | Lair:5   | Found a staircase to the Slime Pits.
 34353 | Lair:5   | Found a viscous altar of Jiyva.
 34540 | Lair:6   | Entered Level 6 of the Lair of Beasts
 34553 | Lair:6   | Reached skill level 15 in Fighting
 34832 | Lair:6   | Reached skill level 10 in Short Blades
 35163 | Lair:6   | Reached XP level 16. HP: 43/95 MP: 29/31
 36840 | Spider:1 | Entered Level 1 of the Spider Nest
 36951 | Swamp:1  | Entered Level 1 of the Swamp
 37329 | Orc:2    | Bought a book of Maledictions for 325 gold pieces
 37333 | Orc:2    | Learned a level 3 spell: Confusing Touch
 37337 | Orc:2    | Learned a level 3 spell: Tukima's Dance
 37340 | Orc:2    | Learned a level 2 spell: Ensorcelled Hibernation
 37543 | Swamp:1  | Reached skill level 1 in Hexes
 37636 | Swamp:1  | Identified the Incunabulum of the Vitriolic Compass
 37737 | Swamp:1  | Noticed Nikola
 39203 | Spider:1 | Bought a long wooden wand for 140 gold pieces
 39203 | Spider:1 | Bought a scroll labeled PUIT AHASH for 35 gold pieces
 39204 | Spider:1 | Acquired a +8 quick blade
 39739 | Spider:1 | Reached skill level 5 in Hexes
 39932 | Spider:2 | Noticed Arachne
 40181 | Spider:2 | Noticed Jorgrun
 40189 | Spider:2 | Killed Jorgrun
 40208 | Spider:2 | Killed Arachne
 41591 | Spider:3 | Reached XP level 17. HP: 84/99 MP: 23/32
 41856 | Spider:3 | Reached skill level 15 in Spellcasting
 42917 | Spider:4 | Entered Level 4 of the Spider Nest
 42926 | Spider:4 | Identified Etrot's Compendium of the Catfish
 42936 | Spider:4 | Learned a level 5 spell: Borgnjor's Vile Clutch
 42986 | Spider:4 | Reached skill level 10 in Evocations
 43472 | Spider:4 | Reached skill level 10 in Hexes
 44267 | Spider:4 | Identified Roxanne's Disquisition on Stones
 44267 | Spider:4 | Noticed Roxanne
 44331 | Spider:4 | Identified Dyaf's Volume of the Enthralling Escort
 44370 | Spider:4 | Identified the +4 robe of Nemelex Xobeh's Favour {rPois
                  | Slay+3 SInv} (You found it on level 4 of the Spider Nest)
 44519 | Spider:4 | Reached skill level 1 in Necromancy
 44519 | Spider:4 | Reached skill level 1 in Earth Magic
 44658 | Spider:4 | Killed Roxanne
 44997 | Spider:4 | Got a gossamer rune of Zot
 45410 | Swamp:1  | Killed Nikola
 45828 | Swamp:1  | Got a brightly glowing falchion
 46176 | Swamp:2  | Reached skill level 5 in Necromancy
 46176 | Swamp:2  | Reached skill level 5 in Earth Magic
 46180 | Swamp:2  | Reached XP level 18. HP: 73/104 MP: 12/34
 47460 | Swamp:3  | Found a shadowy altar of Dithmenos.
 47661 | Swamp:4  | Entered Level 4 of the Swamp
 48328 | Swamp:4  | Lost mutation: Your magical capacity is low. (-10% MP)
                  | [potion of mutation]
 48328 | Swamp:4  | Gained mutation: You evolve. [potion of mutation]
 48328 | Swamp:4  | Gained mutation: You have sharp toenails. [potion of
                  | mutation]
 49590 | Swamp:4  | Got a decaying rune of Zot
 50124 | Depths:1 | Entered Level 1 of the Depths
 50166 | Depths:1 | Learned a level 2 spell: Swiftness
 50170 | Depths:1 | Acquired a +2 hat of magic resistance
 50392 | Depths:1 | Found a runed translucent gate.
 50392 | Depths:1 | Found a runed translucent gate.
 50392 | Depths:1 | Found a runed translucent gate.
 50392 | Depths:1 | Found a runed translucent gate.
 50392 | Depths:1 | Found a runed translucent gate.
 50392 | Depths:1 | Found a runed translucent gate.
 50393 | Depths:1 | Found the +2 Maxwell's thermic engine {flame, freeze}
 50393 | Depths:1 | Noticed a Brimstone Fiend
 50393 | Depths:1 | Noticed an Ice Fiend
 50541 | Depths:1 | Got a clouded garnet amulet
 50651 | Depths:1 | Reached XP level 19. HP: 55/109 MP: 21/39
 51030 | Depths:1 | Found a one-way gate to the infinite horrors of the Abyss.
 51056 | Depths:1 | Found a gateway to Hell.
 51298 | Depths:1 | Identified the amulet of Mirth {Faith rF++} (You found it
                  | on level 1 of the Depths)
 51992 | Depths:1 | Mangled by a balrug

Illustrated notes

Levels and vault maps discovered:
D:1:      sevenhm_arrival_forest_fort_small_6, layout_rooms, minmay_hexomino_f4
D:2:      layout_loops_cross, hex_large
D:3:      layout_basic, fedhas_altar_2, serial_park_tiny_pond,
          kennysheep_generic_room_5
D:4:      mumra_celtic_spiral_tile, layout_basic
D:5:      layout_cave_pools, nicolae_tso_carved_into_rock,
          nicolae_ru_awakened_eye, uniq_ijyb
D:6:      layout_basic, ebering_ghost_xom, kennysheep_generic_room_2,
          uniq_menkaure
D:7:      kennysheep_big_flooded_room, layout_loops_cross,
          minmay_temple_entry_statues_pillars, nicolae_ossuary_entry_monument,
          basic_altar
D:8:      layout_cave_pods, lemuel_doored_altar, gammafunk_temple_overflow_wave,
          david_lair_generic, serial_rivers, chequers_serial_rivers_micro_d,
          chequers_serial_rivers_room_a, chequers_serial_rivers_micro_e,
          chequers_serial_rivers_micro_a, chequers_serial_rivers_marsh,
          chequers_serial_rivers_micro_d, minmay_misc_feat_cross,
          uniq_prince_ribbit1
D:9:      layout_basic, grunt_temple_overflow_lords_of_destruction,
          kennysheep_little_box, grunt_qazlal_clouds
D:10:     layout_cave_pods, nicolae_trove_entry_crystal
D:11:     layout_stronghold, minmay_misc_feat_pillars
D:12:     layout_irregular_city, kennysheep_orc_monster_closet_entryway,
          serial_shops, shop, minmay_misc_feat_alley
D:13:     layout_gridville, grunt_vaults_entry_fortified
D:14:     layout_irregular_city, serial_shops, nicolae_shop_stone,
          nrook_mini_vaults
D:15:     grunt_enter_depths_hoard, layout_loops_ring, serial_shops, shop,
          special_room [special_room_orc], portal_ice_cave_entry_imps,
          grunt_gozag_statues
Temple:   dpeg_chambers_temple
Lair:1:   layout_chaotic_city, serial_forest, infiniplex_forest_straight_1,
          infiniplex_forest_end_2, infiniplex_forest_join,
          infiniplex_forest_clump_curved, infiniplex_forest_clump_medium,
          gammafunk_ghost_hydra_chop, chequers_serial_rivers_micro_c,
          serial_bayou_shore_b
Lair:2:   layout_loops_ring, gammafunk_ghost_ooze, serial_bayou_shore_a,
          lemuel_fruit_tree, uniq_fannar
Lair:3:   layout_roguey, nicolae_swamp_entry_splash_gauntlet,
          spider_nest_entry_a, serial_bayou_shore_b, infiniplex_staircase_pool
Lair:4:   layout_regular_city, basic_altar, beast_lair_carwin_1,
          grunt_megastairs_3, infiniplex_staircase_pool_2
Lair:5:   layout_small_grid, slime_altar_1, grunt_forest_large_clearings,
          grunt_megastairs_1
Lair:6:   grunt_lair_end_beastmaster, layout_long_grid
Swamp:1:  layout_basic_swamp, serial_swamp_ruin, evilmike_swamp_ruin_house_5,
          evilmike_swamp_ruin_house_1, swamp_pool4, uniq_nikola
Swamp:2:  layout_basic_swamp, evilmike_swamp_ruin_house_3,
          nicolae_swamp_spriggan_camp
Swamp:3:  layout_falls_marsh, nicolae_swamp_godswood, swamp_pool2
Swamp:4:  swamp_basic_johnstein, layout_basic_swamp
Spider:1: layout_spider_delve
Spider:2: layout_spider_delve, spiders_nest_spider_trap, uniq_jorgrun,
          uniq_arachne
Spider:3: layout_spider_delve, nicolae_spider_cling_ruins
Spider:4: spider_rune_water, uniq_roxanne
Orc:1:    layout_caves, uniq_harold
Orc:2:    grunt_orc_gardens, layout_caves, grunt_orc_garden, grunt_orc_garden,
          grunt_orc_garden, grunt_orc_garden, gauntlet_entry_generic,
          mines3_lemuel, uniq_rupert, uniq_donald
Depths:1: layout_small_grid, hell_entry, nicolae_wwwww, abyss_entry,
          st_stairs_3, brannock_guarded_unrand_thermic_engine

Skill      XL: |  1  2  3  4  5  6  7  8  9 10 11 12 13 14 15 16 17 18 |
---------------+-------------------------------------------------------+-----
Stealth        | 9 10 11 12 14 | 14.4
Evocations     | 2 5 9 11 13 | 13.7
Short Blades   | 3 6 8 10 14 | 14.0
Fighting       | 3 5 7 9 10 11 13 15 16 | 16.3
Spellcasting   | 5 8 10 11 13 14 15 | 15.0
Dodging        | 6 9 11 12 13 16 | 16.0
Shields        | 5 7 |  7.2
Hexes          | 8 10 12 | 12.6
Necromancy     | 5 |  5.0
Earth Magic    | 5 |  5.0

Action                   |  1- 3 |  4- 6 |  7- 9 | 10-12 | 13-15 | 16-18 | 19-21 || total
-------------------------+-------+-------+-------+-------+-------+-------+-------++-------
Melee: Short sword       |    13 |       |       |       |       |       |       ||    13
       Dagger            |     3 |   166 |   462 |  1052 |  2669 |       |       ||  4352
       Rapier            |       |       |       |       |   425 |   282 |       ||   707
       Quick blade       |       |       |       |       |       |  1840 |   148 ||  1988
       Kick              |       |       |       |       |       |   166 |    48 ||   214
Throw: Dart              |       |       |    48 |    49 |   130 |    56 |       ||   283
       Throwing net      |       |       |     1 |       |     4 |     4 |     2 ||    11
 Cast: Conjure Flame     |       |       |     9 |    19 |    23 |       |       ||    51
       Mephitic Cloud    |       |       |     5 |    61 |    76 |     6 |       ||   148
       Call Imp          |       |       |     5 |     1 |     3 |       |       ||     9
       Blink             |       |       |     1 |     3 |    17 |    11 |     2 ||    34
       Confusing Touch   |       |       |       |       |       |   125 |    15 ||   140
       Borgnjor's Vile C |       |       |       |       |       |     5 |     3 ||     8
       Ensorcelled Hiber |       |       |       |       |       |     9 |    11 ||    20
Invok: Call Merchant     |       |       |       |       |     6 |     1 |       ||     7
 Abil: Evoke Invisibilit |       |       |       |    27 |    34 |    27 |     1 ||    89
Evoke: Wand              |       |       |    37 |    10 |    13 |     3 |       ||    63
       Phantom mirror    |       |       |       |     1 |       |       |       ||     1
       Lightning rod     |       |       |       |       |     3 |     4 |       ||     7
  Use: Potion            |       |     1 |     2 |     6 |       |     7 |     1 ||    17
       Scroll            |       |       |    12 |     3 |    19 |    11 |     1 ||    46
 Stab: Sleeping          |     5 |     8 |    46 |    31 |    52 |    47 |     6 ||   195
       Distracted        |     1 |     1 |     6 |     6 |    19 |     8 |     1 ||    42
       Confused          |       |       |     5 |    48 |    57 |   134 |    14 ||   258
       Invisible         |       |       |       |    81 |   150 |   151 |     1 ||   383
       Paralysed         |       |       |       |     1 |     2 |     1 |       ||     4
       Held in net/web   |       |       |       |       |     1 |     6 |     3 ||    10
       Petrified         |       |       |       |       |       |     5 |       ||     5
       Petrifying        |       |       |       |       |       |     1 |       ||     1
Armor: Robe              |     1 |     7 |    20 |    26 |    33 |    44 |     1 ||   132
       Skin              |       |       |    73 |       |       |       |       ||    73
       Steam dragon scal |       |       |       |       |    44 |       |       ||    44
Dodge: Dodged            |     5 |   103 |   206 |   570 |  1561 |   878 |    38 ||  3361
Block: Other             |       |       |    28 |   100 |       |       |       ||   128
       Reflection        |       |       |     1 |     3 |    16 |       |       ||    20
       Buckler           |       |       |       |    55 |  1539 |   519 |    30 ||  2143

Table legend: (Time is in decaauts)
 A = Elapsed time spent in this place.
 B = Non-inter-level travel time spent in this place.
 C = Inter-level travel time spent in this place.
 D = Time resting spent in this place.
 E = Time spent auto-exploring this place.
 F = Levels seen in this place.
 G = Mean time per level.
                   A        B        C        D        E       F      G
               +--------+--------+--------+--------+--------+-----+--------+
         Total |  38020 |  36492 |   1528 |  13319 |  11813 |  36 | 1056.1 |
       Dungeon |  15459 |  14639 |    820 |   5025 |   4871 |  15 | 1030.6 |
        Temple |      1 |      1 |      0 |      0 |      0 |   1 |    1.0 |
          Lair |   8552 |   8197 |    355 |   3227 |   2764 |   6 | 1425.3 |
         Swamp |   3395 |   3271 |    124 |    734 |   1557 |   4 |  848.8 |
   Spider Nest |   4549 |   4412 |    137 |   2076 |   1219 |   4 | 1137.2 |
  Orcish Mines |   2712 |   2623 |     89 |   1063 |    570 |   2 | 1356.0 |
        Depths |   1237 |   1237 |      0 |    440 |    363 |   1 | 1237.0 |
       Ossuary |    195 |    195 |      0 |      0 |    118 |   1 |  195.0 |
      Ice Cave |   1337 |   1337 |      0 |    598 |    157 |   1 | 1337.0 |
      Gauntlet |    580 |    580 |      0 |    155 |    191 |   1 |  580.0 |
               +--------+--------+--------+--------+--------+-----+--------+

Top non-repeatable levels by time:
    D:12: 2608 daAuts
  Lair:3: 2570 daAuts
     D:6: 2189 daAuts
  Lair:6: 1665 daAuts
     D:8: 1615 daAuts
   Orc:1: 1600 daAuts
  Lair:2: 1524 daAuts
Spider:4: 1389 daAuts
   IceCv: 1337 daAuts
Depths:1: 1237 daAuts
    D:13: 1219 daAuts
Spider:1: 1188 daAuts
     D:4: 1126 daAuts
   Orc:2: 1111 daAuts
Spider:3: 1090 daAuts
